 Dungeon Crawl Stone Soup version 0.22-a0-614-g34fbaa0 (webtiles) character file.

798 CougarLife the Shield-Bearer (level 7, 60/60 HPs)
             Began as a Gnoll Fighter on July 20, 2018.
             Quit the game on level 5 of the Dungeon.
             The game lasted 00:04:35 (3939 turns).

CougarLife the Shield-Bearer (Gnoll Fighter)        Turns: 3939, Time: 00:04:35

Health: 60/60      AC:  9    Str: 20    XL:     7   Next: 90%
Magic:  11/11      EV:  9    Int: 11    God:
Gold:   234        SH: 11    Dex: 14    Spells: 11/11 levels left

rFire    . . .     SeeInvis .   a - +1 war axe
rCold    + . .     Gourm    .   c - +0 shield
rNeg     . . .     Faith    .   r - +0 scale mail {rC+}
rPois    .         Spirit   .   (no helmet)
rElec    .         Reflect  .   (no cloak)
rCorr    .         Harm     .   (no gloves)
MR       .....                  u - +0 pair of boots
Stlth    +.........             (no amulet)
HPRegen  0.20/turn              (no ring)
MPRegen  0.12/turn              (no ring)

@: no status effects
A: distributed training, fangs 1, strong nose
a: no special abilities


You were on level 5 of the Dungeon.
You were not hungry.

You visited 1 branch of the dungeon, and saw 5 of its levels.

You collected 234 gold pieces.

Inventory:

Hand Weapons
 a - a +1 war axe (weapon)
Armour
 c - a +0 shield (worn)
 r - a +0 scale mail of cold resistance (worn)
 u - a +0 pair of boots (worn)
Jewellery
 v - a +2 ring of dexterity {unknown}
Wands
 b - a wand of iceblast (8)
Scrolls
 e - 3 scrolls of enchant armour {unknown}
 g - 3 scrolls of enchant weapon
 h - a scroll of immolation {unknown}
 j - 3 scrolls of identify
 k - 2 scrolls of fog {unknown}
 o - 4 scrolls of teleportation {unknown}
 s - a scroll of remove curse {unknown}
Potions
 d - a potion of might
 i - a potion of curing
 l - a potion of cancellation {unknown}
 m - a potion of invisibility {unknown}
 n - 4 potions of brilliance {unknown}
 p - 3 potions of mutation {unknown}
 q - 2 potions of flight {unknown}
 t - a potion of degeneration {unknown}
 w - a potion of haste {unknown}
Comestibles
 f - 11 rations


   Skills:
 + Level 7.1 Fighting
 + Level 2.7 Short Blades
 + Level 2.7 Long Blades
 + Level 5.3 Axes
 + Level 2.7 Maces & Flails
 + Level 2.7 Polearms
 + Level 2.7 Staves
 + Level 2.7 Slings
 + Level 2.7 Bows
 + Level 2.7 Crossbows
 + Level 2.7 Throwing
 + Level 7.1 Armour
 + Level 2.7 Dodging
 + Level 2.7 Stealth
 + Level 7.1 Shields
 + Level 2.7 Unarmed Combat
 + Level 2.7 Spellcasting
 + Level 2.2 Conjurations
 + Level 2.2 Hexes
 + Level 2.2 Charms
 + Level 2.2 Summonings
 + Level 2.2 Necromancy
 + Level 2.2 Translocations
 + Level 2.2 Transmutations
 + Level 2.2 Fire Magic
 + Level 2.2 Ice Magic
 + Level 2.2 Air Magic
 + Level 2.2 Earth Magic
 + Level 2.2 Poison Magic
 + Level 3.0 Invocations
 + Level 2.7 Evocations


You had 11 spell levels left.
You didn't know any spells.
Your spell library was empty.

Dungeon Overview and Level Annotations

Branches:
Dungeon (5/15)
 Temple: D:4-7

Altars:
Elyvilon
Nemelex Xobeh
Ru
The Shining One


Innate Abilities, Weirdness & Mutations

Your experience applies equally to all skills.
You have very sharp teeth.
Your uncanny sense of smell can sniff out nearby items.


Message History

You hit the crimson imp.
You kill the crimson imp!
No target in view!
No target in view!
No target in view!
No target in view!
No target in view!
No target in view!
No target in view!
No target in view!
No target in view!
No target in view!
No target in view!
No target in view!
Done exploring.
Done exploring.
Done exploring.
Unknown command.
Unknown command.
Are you sure you want to abandon this character and quit the game? (Confirm with "yes".)

#.#....## #.#.....##
#.#......# #.#......#
#.##...#.# #.###.##.#
### ##.##...#.# ##.##
#......#### #._.#
#..##..#######@######
###..###.##...........#
.........###....#....##
....###### ##..###..##
###.# ##..#..## #.#
##.#.## ###.## #.#.#
.....# #.#.# .#.#.#
#.#.#


There were no monsters in sight!

Vanquished Creatures
  A sky beast (D:5)
  2 ogres
  A centaur (D:5)
  A bullfrog (D:4)
  2 crimson imps (D:5)
  An orc priest (D:3)
  Terence (D:2)
  2 worker ants
  Ijyb (D:4)
  A hound zombie (D:5)
  5 adders
  An ooze (D:1)
  An adder zombie (D:5)
  6 worms
  2 dart slugs
  2 leopard geckos
  7 orcs (D:3)
  7 bats
  11 giant cockroaches
  14 goblins
  10 hobgoblins
  13 jackals
  6 kobolds
  2 quokkas
  2 ball pythons (D:1)
  6 frilled lizards
  7 rats
115 creatures vanquished.

Notes
Turn   | Place    | Note
-------+----------+-------------------------------------------
     0 | D:1      | CougarLife the Gnoll Fighter began the quest for the Orb.
     0 | D:1      | Reached XP level 1. HP: 23/23 MP: 1/1
    83 | D:1      | Reached XP level 2. HP: 27/29 MP: 2/2
   303 | D:1      | Reached XP level 3. HP: 35/35 MP: 3/3
   639 | D:2      | Noticed Terence
   645 | D:2      | Killed Terence
   645 | D:2      | Reached skill level 1 in Invocations
   650 | D:2      | Reached skill level 1 in Short Blades
   650 | D:2      | Reached skill level 1 in Long Blades
   650 | D:2      | Reached skill level 1 in Maces & Flails
   650 | D:2      | Reached skill level 1 in Polearms
   650 | D:2      | Reached skill level 1 in Staves
   650 | D:2      | Reached skill level 1 in Slings
   650 | D:2      | Reached skill level 1 in Bows
   650 | D:2      | Reached skill level 1 in Crossbows
   650 | D:2      | Reached skill level 1 in Throwing
   650 | D:2      | Reached skill level 1 in Dodging
   650 | D:2      | Reached skill level 1 in Stealth
   650 | D:2      | Reached skill level 1 in Unarmed Combat
   650 | D:2      | Reached skill level 1 in Spellcasting
   650 | D:2      | Reached skill level 1 in Evocations
   650 | D:2      | Reached XP level 4. HP: 37/41 MP: 3/5
   695 | D:2      | Found a faded altar of an unknown god.
   869 | D:2      | Reached skill level 1 in Conjurations
   869 | D:2      | Reached skill level 1 in Hexes
   869 | D:2      | Reached skill level 1 in Charms
   869 | D:2      | Reached skill level 1 in Summonings
   869 | D:2      | Reached skill level 1 in Necromancy
   869 | D:2      | Reached skill level 1 in Translocations
   869 | D:2      | Reached skill level 1 in Transmutations
   869 | D:2      | Reached skill level 1 in Fire Magic
   869 | D:2      | Reached skill level 1 in Ice Magic
   869 | D:2      | Reached skill level 1 in Air Magic
   869 | D:2      | Reached skill level 1 in Earth Magic
   869 | D:2      | Reached skill level 1 in Poison Magic
   941 | D:2      | Found a white marble altar of Elyvilon.
   944 | D:2      | Found a sacrificial altar of Ru.
  1021 | D:2      | Reached XP level 5. HP: 38/47 MP: 6/6
  2490 | D:4      | Reached XP level 6. HP: 51/53 MP: 8/8
  2555 | D:4      | Reached skill level 5 in Axes
  2763 | D:4      | Noticed Ijyb
  2777 | D:4      | Killed Ijyb
  2871 | D:5      | Entered Level 5 of the Dungeon
  2893 | D:5      | Reached XP level 7. HP: 19/59 MP: 10/10
  3124 | D:5      | Found a sparkling altar of Nemelex Xobeh.
  3209 | D:5      | Found a glowing golden altar of the Shining One.
  3918 | D:5      | Found a glowing golden altar of the Shining One.
  3939 | D:5      | Quit the game

Vault maps used:
D:1:      noname_arrival_rooms_in_the_neighbourhood, minmay_heptomino_d4
D:2:      gammafunk_temple_overflow_statue,
          chequers_ecumenical_altar_simple_redux, uniq_terence
D:3:      kennysheep_generic_room_3
D:4:      kennysheep_goblin_castle
D:5:      nemelex_xobeh_ov_fountains_minmay, old_standard_altar, first_ration,
          nicolae_tso_swordbearing_angel

Skill      XL: |  1  2  3  4  5  6  7 |
---------------+----------------------+-----
Invocations    | 1 2 3 |  3.0
Short Blades   | 1 2 |  2.7
Long Blades    | 1 2 |  2.7
Maces & Flails | 1 2 |  2.7
Polearms       | 1 2 |  2.7
Staves         | 1 2 |  2.7
Slings         | 1 2 |  2.7
Bows           | 1 2 |  2.7
Crossbows      | 1 2 |  2.7
Throwing       | 1 2 |  2.7
Dodging        | 1 2 |  2.7
Stealth        | 1 2 |  2.7
Unarmed Combat | 1 2 |  2.7
Spellcasting   | 1 2 |  2.7
Evocations     | 1 2 |  2.7
Conjurations   | 1 2 |  2.2
Hexes          | 1 2 |  2.2
Charms         | 1 2 |  2.2
Summonings     | 1 2 |  2.2
Necromancy     | 1 2 |  2.2
Translocations | 1 2 |  2.2
Transmutations | 1 2 |  2.2
Fire Magic     | 1 2 |  2.2
Ice Magic      | 1 2 |  2.2
Air Magic      | 1 2 |  2.2
Earth Magic    | 1 2 |  2.2
Poison Magic   | 1 2 |  2.2
Axes           | 5 |  5.3
Fighting       | 7 |  7.1
Armour         | 7 |  7.1
Shields        | 7 |  7.1

Action                   |  1- 3 |  4- 6 |  7- 9 || total
-------------------------+-------+-------+-------++-------
Melee: War axe           |    47 |   218 |    68 ||   333
       Bite              |     4 |    30 |     8 ||    42
  Use: Scroll            |       |     3 |       ||     3
  Eat: Chunk             |       |     7 |     3 ||    10
Armor: Scale mail        |    14 |    72 |    37 ||   123
Dodge: Dodged            |    14 |    62 |    20 ||    96
Block: Shield            |    26 |   121 |    25 ||   172

Table legend:
 A = Spawn XP
 B = Non-spawn XP
 C = Spawn XP percentage of total XP
 D = Spawn monster count
 E = Non-spawn monster count
 F = Spawn count percentage of total count
 G = Total turns spent on level
                    A         B        C        D         E        F      G
               +---------+---------+-------+---------+---------+-------+---------
         Total |       0 |    1141 |   0.0 |       0 |     115 |   0.0 |  3939
               +---------+---------+-------+---------+---------+-------+---------
           D:1 |       0 |      37 |   0.0 |       0 |      17 |   0.0 |   638
           D:2 |       0 |     132 |   0.0 |       0 |      31 |   0.0 |   551
           D:3 |       0 |     134 |   0.0 |       0 |      36 |   0.0 |  1116
           D:4 |       0 |     302 |   0.0 |       0 |      19 |   0.0 |   566
           D:5 |       0 |     536 |   0.0 |       0 |      12 |   0.0 |  1068
               +---------+---------+-------+---------+---------+-------+---------
